 Dungeon Crawl Stone Soup version 0.22-a0-135-g6f012ad (webtiles) character file.

88 GrunderHorse the Caller (level 4, -1/38 HPs)
             Began as a Gnoll Wanderer on Feb 1, 2018.
             Slain by a gnoll
             ... wielding a +0 spear
              (9 damage)
             ... on level 3 of the Dungeon.
             The game lasted 00:09:05 (3323 turns).

GrunderHorse the Caller (Gnoll Wanderer)            Turns: 3323, Time: 00:09:06

Health: -1/38      AC:  3    Str: 11    XL:     4   Next: 53%
Magic:  2/8        EV:  9    Int: 16    God:
Gold:   127        SH:  0    Dex: 15    Spells: 4/9 levels left

rFire    . . .     SeeInvis .   m - -1 spear (curse)
rCold    . . .     Gourm    .   (no shield)
rNeg     . . .     Faith    .   d - +0 robe
rPois    .         Spirit   .   l - +0 helmet
rElec    .         Reflect  .   (no cloak)
rCorr    .         Harm     .   (no gloves)
MR       .....                  (no boots)
Stlth    ++........             (no amulet)
HPRegen  0.12/turn              i - -2 ring of dexterity (curse)
MPRegen  0.11/turn              (no ring)

@: very slightly contaminated, constricted
A: distributed training, fangs 1, strong nose
a: no special abilities


You were on level 3 of the Dungeon.
You were not hungry.

You visited 1 branch of the dungeon, and saw 3 of its levels.

You collected 127 gold pieces.

Inventory:

Hand Weapons
 a - a +2 short sword
 k - a +0 whip of freezing
 m - a cursed -1 spear (weapon)
Armour
 d - a +0 robe (worn)
 l - a +0 helmet (worn)
Jewellery
 i - a cursed -2 ring of dexterity (left hand)
Scrolls
 g - a scroll of blinking
 h - 3 scrolls of identify
Books
 b - the Compendium of Moulding

   Spells                             Type                      Level
   a - Beastly Appendage              Transmutation                1
   b - Ignite Poison                  Fire/Transmutation/Poison    3
 c - the Tome of the Escort

   Spells                             Type                      Level
   a - Summon Small Mammal            Summoning                    1
   b - Summon Guardian Golem          Hexes/Summoning              3
Comestibles
 f - 5 rations
 j - a chunk of flesh


   Skills:
 + Level 4.6 Fighting
 + Level 2.7 Short Blades
 + Level 1.1 Long Blades
 + Level 1.1 Axes
 + Level 1.1 Maces & Flails
 + Level 1.1 Polearms
 + Level 1.1 Staves
 + Level 1.1 Slings
 + Level 1.1 Bows
 + Level 1.1 Crossbows
 + Level 1.1 Throwing
 + Level 1.1 Armour
 + Level 1.1 Dodging
 + Level 1.1 Stealth
 + Level 2.7 Shields
 + Level 1.1 Unarmed Combat
 + Level 3.0 Spellcasting
 + Level 0.9 Conjurations
 + Level 0.9 Hexes
 + Level 0.9 Charms
 + Level 5.4 Summonings
 + Level 2.2 Necromancy
 + Level 0.9 Translocations
 + Level 0.9 Transmutations
 + Level 0.9 Fire Magic
 + Level 0.9 Ice Magic
 + Level 0.9 Air Magic
 + Level 0.9 Earth Magic
 + Level 0.9 Poison Magic
 + Level 1.2 Invocations
 + Level 2.7 Evocations


You had 4 spell levels left.
You knew the following spells:

 Your Spells              Type           Power        Failure   Level  Hunger
a - Summon Small Mammal   Summ           ###.         1%          1    #......
b - Beastly Appendage     Tmut           #.....       13%         1    #......
c - Summon Guardian Gole  Hex/Summ       ##......     16%         3    ###....


Dungeon Overview and Level Annotations

Branches:
Dungeon (3/15)

Altars:
Okawaru


Innate Abilities, Weirdness & Mutations

Your experience applies equally to all skills.
You have very sharp teeth.
Your uncanny sense of smell can sniff out nearby items.


Message History

The ball python is moderately wounded.
The gnoll barely misses you. The gnoll hits you but does no damage.
The jackal barely misses you. The ball python closely misses you.
The ball python constricts you.
You hit the ball python but do no damage.
The ball python is moderately wounded.
The jackal barely misses you.
The gnoll hits you from afar with a spear.
The gnoll hits you from afar with a halberd!
The ball python closely misses you. The ball python constricts you.
The jackal bites you but does no damage.
You closely miss the ball python.
The ball python is moderately wounded.
The ball python misses you. The ball python constricts you.
The gnoll hits you from afar with a spear!
* * * LOW HITPOINT WARNING * * *
The gnoll barely misses you.
The jackal bites you but does no damage.
The gnoll hits you from afar with a spear!
You die... #S####.#S#.#..# #.# #.#br(...# #Sg

..#..##.## .h.
####......#
........##.#..#
.....###.#h....#
###......ggg..####
.#..#.#h#.>...#
####.#@#.###.#
..#S#÷###.#
#####8#.....# ∆
#...[.#..####
#....(...#
##.)[....#
##.......#
...........#
.....#######


You could see 3 gnolls, 2 jackals, a ball python and a friendly guardian golem.

Vanquished Creatures
  An adder (D:2)
  An ooze (D:1)
  A worm (D:2)
  2 dart slugs (D:2)
  2 bats
  6 goblins
  3 hobgoblins
  A jackal (D:2)
  A frilled lizard (D:2)
  A kobold (D:1)
  5 rats
24 creatures vanquished.

Vanquished Creatures (collateral kills)
  Jessica (D:2)
  An adder (D:2)
  A dart slug (D:2)
  A leopard gecko (D:1)
  An orc (D:3)
  5 bats (D:1)
  6 goblins
  3 hobgoblins
  5 jackals
  3 kobolds
27 creatures vanquished.

Grand Total: 51 creatures vanquished

Notes
Turn   | Place    | Note
-------+----------+-------------------------------------------
     0 | D:1      | GrunderHorse the Gnoll Wanderer began the quest for the Orb.
     0 | D:1      | GrunderHorse set off with: a +2 short sword, the Compendium of Moulding, the Tome of the Escort, a +0 robe, a ration
     0 | D:1      | Reached XP level 1. HP: 20/20 MP: 4/4
     0 | D:1      | Identified the Compendium of Moulding
     0 | D:1      | Identified the Tome of the Escort
     2 | D:1      | Learned a level 1 spell: Summon Small Mammal
     4 | D:1      | Learned a level 1 spell: Beastly Appendage
   274 | D:1      | Reached XP level 2. HP: 22/26 MP: 5/5
  1015 | D:1      | Reached XP level 3. HP: 31/31 MP: 0/7
  1282 | D:2      | Noticed Jessica
  1300 | D:2      | Killed Jessica
  1300 | D:2      | Reached skill level 1 in Invocations
  1306 | D:2      | Learned a level 3 spell: Summon Guardian Golem
  1455 | D:2      | Reached skill level 1 in Long Blades
  1455 | D:2      | Reached skill level 1 in Axes
  1455 | D:2      | Reached skill level 1 in Maces & Flails
  1455 | D:2      | Reached skill level 1 in Polearms
  1455 | D:2      | Reached skill level 1 in Staves
  1455 | D:2      | Reached skill level 1 in Slings
  1455 | D:2      | Reached skill level 1 in Bows
  1455 | D:2      | Reached skill level 1 in Crossbows
  1455 | D:2      | Reached skill level 1 in Throwing
  1455 | D:2      | Reached skill level 1 in Armour
  1455 | D:2      | Reached skill level 1 in Dodging
  1455 | D:2      | Reached skill level 1 in Stealth
  1455 | D:2      | Reached skill level 1 in Unarmed Combat
  1455 | D:2      | Reached XP level 4. HP: 38/38 MP: 8/8
  1734 | D:2      | Found an iron altar of Okawaru.
  3323 | D:3      | Slain by a gnoll

Vault maps used:
D:1:      dpeg_arrival_signposts
D:2:      lemuel_upstairs_altar, okawaru_ov_weapons_minmay, uniq_sigmund,
          uniq_jessica
D:3:      first_ration, uniq_ijyb

Skill      XL: |  1  2  3  4 |
---------------+-------------+-----
Necromancy     | 2 |  2.2
Invocations    | 1 |  1.2
Long Blades    | 1 |  1.1
Axes           | 1 |  1.1
Maces & Flails | 1 |  1.1
Polearms       | 1 |  1.1
Staves         | 1 |  1.1
Slings         | 1 |  1.1
Bows           | 1 |  1.1
Crossbows      | 1 |  1.1
Throwing       | 1 |  1.1
Armour         | 1 |  1.1
Dodging        | 1 |  1.1
Stealth        | 1 |  1.1
Unarmed Combat | 1 |  1.1
Spellcasting   | 3 |  3.0
Fighting       | |  4.6
Short Blades   | |  2.7
Shields        | |  2.7
Conjurations   | |  0.9
Hexes          | |  0.9
Charms         | |  0.9
Summonings     | |  5.4
Translocations | |  0.9
Transmutations | |  0.9
Fire Magic     | |  0.9
Ice Magic      | |  0.9
Air Magic      | |  0.9
Earth Magic    | |  0.9
Poison Magic   | |  0.9
Evocations     | |  2.7

Action                   |  1- 3 |  4- 6 || total
-------------------------+-------+-------++-------
Melee: Short sword       |    30 |       ||    30
       Headbutt          |     4 |       ||     4
       Bite              |     2 |     3 ||     5
       Whip              |    19 |    20 ||    39
       Spear             |       |    42 ||    42
 Cast: Summon Small Mamm |    49 |    53 ||   102
       Beastly Appendage |     3 |       ||     3
       Summon Guardian G |       |     2 ||     2
  Use: Scroll            |       |     4 ||     4
 Stab: Sleeping          |     1 |     1 ||     2
  Eat: Chunk             |     2 |     5 ||     7
       Ration            |       |     1 ||     1
Armor: Robe              |    23 |    35 ||    58
Dodge: Dodged            |    43 |    81 ||   124

Table legend:
 A = Spawn XP
 B = Non-spawn XP
 C = Spawn XP percentage of total XP
 D = Spawn monster count
 E = Non-spawn monster count
 F = Spawn count percentage of total count
 G = Total turns spent on level
                    A         B        C        D         E        F      G
               +---------+---------+-------+---------+---------+-------+---------
         Total |       0 |     126 |   0.0 |       0 |      51 |   0.0 |  3323
               +---------+---------+-------+---------+---------+-------+---------
           D:1 |       0 |      36 |   0.0 |       0 |      24 |   0.0 |  1282
           D:2 |       0 |      81 |   0.0 |       0 |      21 |   0.0 |  1720
           D:3 |       0 |       9 |   0.0 |       0 |       6 |   0.0 |   321
               +---------+---------+-------+---------+---------+-------+---------
